 Dungeon Crawl Stone Soup version 0.16-a0-3389-g45633df (webtiles) character file.

4370 HollowCharge the Carver (level 10, 0/63 HPs)
             Began as a Tengu Fighter on Dec 30, 2014.
             Was a Believer of Okawaru.
             Succumbed to a green ugly thing's poison
             ... on level 9 of the Dungeon.
             The game lasted 00:53:16 (11286 turns).

HollowCharge the Carver (Tengu Fighter)            Turns: 11286, Time: 00:53:16

Health: 0/63       AC: 15    Str: 17    XL:     10   Next: 34%
Magic:  13/13      EV:  4    Int: 10    God:    Okawaru [**....]
Gold:   271        SH: 11    Dex: 15    Spells: 0 memorised, 9 levels left

rFire  + . .     SeeInvis .     l - +4 scimitar
rCold  x . .     Clarity  .     e - +1 plate armour
rNeg   . . .     SustAb   .     c - +0 shield
rPois  .         Gourm    .     (helmet restricted)
rElec  .         Spirit   .     v - +0 cloak
rCorr  +         Warding  .     (no gloves)
rMut   .         Stasis   .     (boots unavailable)
MR     .....                    j - amulet of resist corrosion
Stlth  ..........               r - ring of fire
                                n - ring of stealth

@: lethally poisoned, not resistant to hostile enchantments, extremely
unstealthy
A: able to fly, beak, talons 3
a: Fly, Heroism, Renounce Religion


You were on level 9 of the Dungeon.
You worshipped Okawaru.
Okawaru was pleased with you.
You were not hungry.

You visited 2 branches of the dungeon, and saw 10 of its levels.

You collected 271 gold pieces.

Inventory:

Hand weapons
 k - a +2 spear of venom
 l - a +4 scimitar (weapon)
 z - a +2 rapier of freezing
Armour
 c - a +0 shield (worn)
 e - a +1 plate armour (worn)
 v - a +0 cloak (worn)
Jewellery
 j - an amulet of resist corrosion (around neck)
 n - a ring of stealth (left hand)
 r - a ring of fire (right hand)
Magical devices
 A - a wand of teleportation (0)
Scrolls
 b - a scroll of enchant weapon
 f - 2 scrolls of fog
 h - a scroll of remove curse
 i - 4 scrolls of teleportation
 o - 4 scrolls of magic mapping
 w - 2 scrolls of identify
 y - a scroll of amnesia
Potions
 g - a potion of flight
 m - a potion of invisibility
 s - a potion of heal wounds {unknown}
 u - a potion of restore abilities
 x - a potion of haste {unknown}
Comestibles
 a - 9 royal jellies
 d - 5 bread rations
 q - 2 slices of pizza
 t - 5 fruits
 B - a meat ration


   Skills:
 + Level 7.4 Fighting
 * Level 10.4 Long Blades
 + Level 7.6 Armour
 + Level 7.4 Shields


You had 9 spell levels left.
You didn't know any spells.

Dungeon Overview and Level Annotations

Branches:
Dungeon (9/15)             Temple (1/1) D:6
   Lair: D:8-11         Orc: D:9-12

Altars:
Ashenzari
Cheibriados
Dithmenos
Elyvilon
Fedhas
Gozag
Kikubaaqudgha
Makhleb
Nemelex Xobeh
Okawaru
Qazlal
Ru
Sif Muna
Trog
Vehumet
Xom
Yredelemnul
The Shining One


Innate Abilities, Weirdness & Mutations

You can fly.
You have a beak for a mouth.
You have claws for feet.


Message History

* * * LOW HITPOINT WARNING * * *
* * * LOW HITPOINT WARNING * * *
You feel very sick.
Drink which item? (? for menu, Esc to quit)
Okay, then.
Drink which item? (? for menu, Esc to quit)
Okay, then.
As you read the scroll of teleportation, it crumbles to dust.
You feel strangely unstable.
* * * LOW HITPOINT WARNING * * *
You feel very sick.
The green ugly thing tail-slaps you but does no damage.
* * * LOW HITPOINT WARNING * * *
You feel very sick.
* * * LOW HITPOINT WARNING * * *
You feel very sick.
Your surroundings suddenly seem different.
* * * LOW HITPOINT WARNING * * *
You feel sick.
You die...

### ### ####..####.# #####
#####..........## ##....
..#.....###..##..#######.....
.......####..###..........#..#
..........##..###....####..#..#
.....<.......@...#### #.....#
.. #..............# #...... #.
###............# ...#... ##.
#.............) ..####.. ##..#
##................ .# ##.
....###.................
#....................#
##....#######........ #..### #
....>.


There were no monsters in sight!

Vanquished Creatures
  A manticore (D:8)
  Maurice (D:8)
  Eustachio (D:5)
  A hungry ghost (D:9)
  2 hippogriffs
  Edmund (D:6)
  A soldier ant (D:8)
  A phantom (D:6)
  A sky beast (D:7)
  A spider (D:8)
  An eye of draining (D:8)
  An orc warrior (D:6)
  3 centaurs
  A boring beetle (D:8)
  6 ogres
  Duvessa (D:6)
  2 giant frogs
  A scorpion (D:4)
  4 wights (D:6)
  The ghost of bloodax the Vexing, a weakling DsEn (D:4)
  Dowan (D:6)
  A goliath beetle (D:6)
  3 jellies
  A crimson imp (D:7)
  A giant frog skeleton (D:8)
  9 orc wizards
  A centaur skeleton (D:9)
  3 orc priests
  A hound (D:4)
  2 iguanas
  7 worker ants
  Jessica (D:3)
  A hound skeleton (D:7)
  2 worker ant zombies
  6 gnolls
  6 adders
  2 giant mites
  2 shadow imps
  3 worms
  8 giant geckos
  3 oozes
  18 orcs
  A bat zombie (D:6)
  5 giant cockroaches
  16 hobgoblins
  21 jackals
  4 quokkas
  2 ball pythons
  7 bats
  A giant gecko zombie (D:7)
  7 giant newts
  8 goblins
  A jackal skeleton (D:6)
  12 kobolds
  12 rats
  4 ballistomycetes (D:7)
215 creatures vanquished.

Vanquished Creatures (others)
  An orc priest (D:7)
  An orc wizard (D:7)
  2 orcs (D:7)
  A giant spore (D:7)
5 creatures vanquished.

Grand Total: 220 creatures vanquished

Notes
Turn   | Place    | Note
--------------------------------------------------------------
     0 | D:1      | HollowCharge, the Tengu Fighter, began the quest for the Orb.
     0 | D:1      | Reached XP level 1. HP: 14/14 MP: 1/1
   163 | D:1      | Reached XP level 2. HP: 16/19 MP: 3/3
   551 | D:1      | Reached XP level 3. HP: 20/23 MP: 4/4
  1226 | D:2      | Found a bloodstained altar of Trog.
  1426 | D:2      | Reached XP level 4. HP: 28/28 MP: 5/5
  1941 | D:3      | Noticed Jessica
  2210 | D:3      | Reached skill level 4 in Shields
  2230 | D:3      | Killed Jessica
  2230 | D:3      | Reached XP level 5. HP: 6/32 MP: 7/7
  3303 | D:4      | Noticed an ogre
  3310 | D:4      | Killed an ogre
  3310 | D:4      | Reached XP level 6. HP: 19/38 MP: 8/8
  3470 | D:4      | Noticed an ogre
  3479 | D:4      | Killed an ogre
  3731 | D:4      | Noticed a hippogriff
  3754 | D:4      | Killed a hippogriff
  3754 | D:4      | Reached skill level 5 in Long Blades
  3756 | D:4      | Reached XP level 7. HP: 2/43 MP: 9/9
  4495 | D:4      | Noticed bloodax's ghost (weakling DsEn)
  5222 | D:4      | Killed bloodax's ghost
  5222 | D:4      | Reached skill level 5 in Armour
  5275 | D:4      | Reached skill level 6 in Long Blades
  5314 | D:4      | Noticed an ogre
  5323 | D:4      | Killed an ogre
  5323 | D:4      | Reached skill level 5 in Shields
  5574 | D:5      | Entered Level 5 of the Dungeon
  5574 | D:5      | Noticed Eustachio
  5666 | D:5      | Killed Eustachio
  5666 | D:5      | Reached skill level 5 in Fighting
  5666 | D:5      | Reached XP level 8. HP: 28/49 MP: 11/11
  5826 | D:5      | Found a glowing golden altar of the Shining One.
  5852 | D:5      | You fall through a shaft for 2 floors!
  5924 | D:6      | Found a shimmering altar of Xom.
  5924 | D:6      | Found a stormy altar of Qazlal.
  5924 | D:6      | Found a sparkling altar of Nemelex Xobeh.
  5948 | D:6      | Found a staircase to the Ecumenical Temple.
  5982 | Temple   | Entered the Ecumenical Temple
  6007 | Temple   | Became a worshipper of Warmaster Okawaru
  6067 | D:6      | Found a shadowy altar of Dithmenos.
  6075 | D:6      | Noticed Duvessa
  6076 | D:6      | Noticed Dowan
  6094 | D:6      | Killed Duvessa
  6117 | D:6      | Killed Dowan
  6265 | D:6      | Reached skill level 7 in Long Blades
  6446 | D:6      | Found a deep blue altar of Sif Muna.
  7182 | D:7      | Acquired Okawaru's first power
  7182 | D:7      | Reached skill level 8 in Long Blades
  7182 | D:7      | Reached XP level 9. HP: 46/55 MP: 12/12
  7931 | D:6      | Noticed Edmund
  7957 | D:6      | Killed Edmund
  8902 | D:6      | Found a sacrificial altar of Ru.
  8975 | D:6      | Reached skill level 9 in Long Blades
  9456 | D:8      | Noticed Maurice
  9469 | D:8      | Killed Maurice
  9515 | D:8      | Found a sparkling altar of Nemelex Xobeh.
  9791 | D:8      | Reached XP level 10. HP: 61/61 MP: 7/13
  9998 | D:8      | Noticed a manticore
 10164 | D:8      | Reached skill level 10 in Long Blades
 10168 | D:8      | Killed a manticore
 11262 | D:9      | Noticed a green ugly thing
 11285 | D:9      | HP: 2/63 [poisoned by a green ugly thing]
 11286 | D:9      | Succumbed to a green ugly thing's poison

Action                   |  1- 3 |  4- 6 |  7- 9 | 10-12 || total
-------------------------+-------+-------+-------+-------++-------
Melee: Long sword        |   124 |   147 |   397 |       ||   668
       Rapier            |       |       |   174 |       ||   174
       Scimitar          |       |       |    77 |    85 ||   162
Evoke: Wand              |       |     2 |    11 |       ||    13
  Use: Scroll            |       |     6 |     8 |     3 ||    17
       Potion            |       |     3 |     5 |     2 ||    10
 Stab: Paralysed         |       |       |     1 |       ||     1
  Eat: Chunk             |     1 |     6 |    17 |     2 ||    26
       Fruit             |     1 |     2 |       |     1 ||     4
       Beef jerky        |       |       |     1 |       ||     1
       Pizza             |       |       |     1 |       ||     1
       Meat ration       |       |       |       |     1 ||     1
